 Dungeon Crawl Stone Soup version 0.21.1-1-g345015fe64 (webtiles) character file.

113 Htamos the Chopper (level 4, -13/34 HPs)
             Began as a Mummy Gladiator on July 6, 2018.
             Killed by divine providence
             ... invoked by an orc priest
              (17 damage)
             ... on level 3 of the Dungeon.
             The game lasted 00:03:32 (2277 turns).

Htamos the Chopper (Mummy Gladiator)                Turns: 2277, Time: 00:03:33

Health: -13/34     AC:  7    Str: 17    XL:     4   Next: 65%
Magic:  4/4        EV: 12    Int:  7    God:
Gold:   59         SH:  0    Dex: 14    Spells: 3/3 levels left

rFire    x . .     SeeInvis .   a - +0 war axe
rCold    + . .     Gourm    .   (no shield)
rNeg     + + +     Faith    .   b - +0 leather armour
rPois    ∞         Spirit   .   c - +2 helmet
rElec    .         Reflect  .   j - +0 cloak
rCorr    .         Harm     .   (no gloves)
MR       .....                  (no boots)
Stlth    +.........             (no amulet)
HPRegen  0.11/turn              (no ring)
MPRegen  0.09/turn              (no ring)

@: no status effects
A: no food or potions, fire vulnerability, cold resistance 1, negative energy
resistance 3, torment resistance, unbreathing
a: no special abilities


You were on level 3 of the Dungeon.
You were not hungry.

You visited 1 branch of the dungeon, and saw 3 of its levels.

You collected 59 gold pieces.

Inventory:

Hand Weapons
 a - a +0 war axe (weapon)
Missiles
 d - 3 throwing nets (quivered)
Armour
 b - a +0 leather armour (worn)
 c - a +2 helmet (worn)
 j - a +0 cloak (worn)
Jewellery
 f - an uncursed ring of protection from fire {unknown}
 g - an uncursed ring of protection from fire {unknown}
 i - an uncursed ring of resist corrosion {unknown}
Scrolls
 e - a scroll of teleportation
 h - a scroll of fear


   Skills:
 + Level 2.5 Fighting
 * Level 4.1 Axes
 - Level 1.5 Throwing
 + Level 0.7 Armour
 - Level 2.4 Dodging


You had 3 spell levels left.
You didn't know any spells.

Dungeon Overview and Level Annotations

Branches:
Dungeon (3/15)

Altars:


Innate Abilities, Weirdness & Mutations

You do not eat or drink.
Your flesh is vulnerable to fire.
You are immune to poison.
Your flesh is cold resistant. (rC+)
You are immune to negative energy. (rN+++)
You are immune to unholy pain and torment.
You can survive without breathing.


Message History

The adder is lightly wounded.
The adder bites you. The adder barely misses you.
You hit the adder.
The adder is moderately wounded.
The adder misses you.
The orc priest calls down the wrath of Beogh upon you.
Beogh smites you!
* * * LOW HITPOINT WARNING * * *
The adder bites you.
* * * LOW HITPOINT WARNING * * *
The orc wizard miscasts a cantrip.
The adder barely misses you. The adder barely misses you.
The orc wizard casts a spell at you. The magic dart hits you!
* * * LOW HITPOINT WARNING * * *
The orc priest calls down the wrath of Beogh upon you.
Beogh smites you!
Ouch! That really hurt!
You die...

#..... #.#.# ###
......###.#.# #..
..........#.# #.# .#
........o...# #.# .#
......##.##o####.## .#
..... #).o.......# .# .#
.. #... #.#.g......#
.#####.##.. ...
###....o†..##...........
## #%...S.@...#
#........
##########.###......#
..........#......#
..........#....#
...........<...#
........#.#....#
....#.....#....#
....##.####....# .## ...
#....#


You could see an orc priest, an orc wizard, an adder, an orc and a hobgoblin.

Vanquished Creatures
  4 gnolls (D:2)
  2 adders (D:2)
  An ooze (D:2)
  2 worms
  2 dart slugs (D:2)
  3 leopard geckos (D:2)
  An orc (D:3)
  A ball python (D:1)
  5 goblins
  4 hobgoblins
  3 jackals (D:1)
  3 bats
  A frilled lizard (D:1)
  4 kobolds
  6 rats
42 creatures vanquished.

Notes
Turn   | Place    | Note
-------+----------+-------------------------------------------
     0 | D:1      | Htamos the Mummy Gladiator began the quest for the Orb.
     0 | D:1      | Reached XP level 1. HP: 16/16 MP: 1/1
   261 | D:1      | Reached XP level 2. HP: 21/22 MP: 2/2
   358 | D:1      | Reached skill level 3 in Axes
   832 | D:2      | Reached XP level 3. HP: 16/27 MP: 3/3
  1319 | D:2      | Reached XP level 4. HP: 10/34 MP: 4/4
  1701 | D:2      | Found a faded altar of an unknown god.
  1786 | D:2      | Reached skill level 4 in Axes
  2277 | D:3      | Killed from afar by an orc priest

Skill      XL: |  1  2  3  4 |
---------------+-------------+-----
Axes           | 3 4 |  4.1
Fighting       | |  2.5
Throwing       | |  1.5
Armour         | |  0.7
Dodging        | |  2.4

Action                   |  1- 3 |  4- 6 || total
-------------------------+-------+-------++-------
Melee: War axe           |    85 |    58 ||   143
  Use: Scroll            |     4 |     2 ||     6
Armor: Leather armour    |    34 |    32 ||    66
Dodge: Dodged            |    56 |    44 ||   100
